AoeStats
← Player

Hill Fort

505001276Analyzed
4v4 RM · 26d ago on Sep 7, 2026· 46m 39s· 8 players
Game mode
Random Map
Map size
Large (8 player)
Population
200
Speed
Normal
Resources
Standard
Victory
Conquest
Starting age
Dark Age
Ending age
Imperial Age
RankedLock teamsTeams togetherTeam positionsShared explorationLock speedFull tech treeHidden civsTurbo modeCheats
Victory
Defeat
🇭🇰 Goths · Hong Kong SAR China
1111
+11
🇨🇱 Huns · Chile
987
+16
🇨🇳 Gurjaras · China
964
+17
🇨🇳 Bulgarians · China
901
+21
🇺🇸 Portuguese · United States
1017
-17
🇩🇪 Spanish · Germany
1007
-17
🇲🇰 Maya · North Macedonia
997
-16
🇺🇸 Malay · United States
960
-15
Bombardiro Eduardito
4:07 Loom
9:57 Feudal Age
10:49 Double-Bit Axe
12:12 Loom
16:47 Wheelbarrow
19:42 Castle Age
18:02 Horse Collar
19:13 Stone Mining
20:16 Scale Barding Armor
21:04 Bow Saw
23:41 Heavy Plow
26:15 Bloodlines
29:03 Town Watch
29:48 Elite Skirmisher
38:43 Imperial Age
36:15 Fletching
37:28 Husbandry
37:30 Padded Archer Armor
37:25 Bodkin Arrow
39:00 Gold Mining
39:52 Parthian Tactics
39:33 Thumb Ring
40:38 Chemistry
41:06 Town Patrol
41:22 Hand Cart
41:37 Leather Archer Armor
41:22 Bracer
41:37 Masonry
42:42 Cavalier
42:59 Heavy Cavalry Archer
TornToast5128
11:38 Feudal Age
13:35 Wheelbarrow
12:47 Double-Bit Axe
18:43 Castle Age
16:29 Horse Collar
22:16 Bow Saw
22:10 Heavy Plow
24:08 Hand Cart
26:17 Stone Mining
26:20 Gold Mining
29:15 Loom
32:28 Imperial Age
30:39 Anarchy
31:32 Forging
31:22 Scale Mail Armor
31:38 Pikeman
32:19 Squires
33:08 Iron Casting
32:49 Chain Mail Armor
33:28 Perfusion
32:48 Elite Huskarl
33:51 Conscription
34:25 Halberdier
37:35 Blast Furnace
One Shoulder 100KG
7:42 Loom
11:07 Feudal Age
16:00 Castle Age
16:32 Double-Bit Axe
16:32 Horse Collar
17:44 Bow Saw
17:48 Gold Mining
22:59 Wheelbarrow
22:49 Stone Mining
25:18 Fletching
26:33 Hand Cart
26:32 Loom
26:34 Town Watch
28:45 Scale Barding Armor
32:14 Imperial Age
30:27 Town Patrol
31:56 Heavy Plow
32:34 Gold Shaft Mining
32:47 Stone Shaft Mining
33:11 Forging
33:22 Chain Barding Armor
32:57 Elite Konnik
33:58 Conscription
33:34 Stirrups
34:47 Crop Rotation
35:42 Chemistry
36:12 Iron Casting
36:15 Plate Barding Armor
35:38 Bodkin Arrow
36:11 Ballistics
38:43 Blast Furnace
37:46 Scale Mail Armor
39:50 Chain Mail Armor
39:35 Bracer
41:11 Plate Mail Armor
微氓
10:31 Feudal Age
10:44 Feudal Age
16:31 Castle Age
14:22 Horse Collar
14:52 Double-Bit Axe
18:18 Wheelbarrow
17:47 Heavy Plow
22:47 Bow Saw
24:49 Forging
24:47 Scale Barding Armor
26:21 Hand Cart
28:40 Imperial Age
26:41 Gold Mining
26:41 Stone Mining
28:19 Iron Casting
28:05 Chain Barding Armor
29:07 Husbandry
29:18 Bloodlines
30:21 Plate Barding Armor
30:28 Gold Shaft Mining
30:28 Stone Shaft Mining
31:09 Crop Rotation
30:27 Heavy Camel Rider
31:33 Loom
33:04 Kshatriyas
33:21 Conscription
34:53 Frontier Guards
36:22 Caravan
36:20 Elite Shrivamsha Rider
36:31 Elite Shrivamsha Rider
dajaegbu
2:59 Loom
13:33 Feudal Age
15:50 Wheelbarrow
15:07 Double-Bit Axe
15:59 Horse Collar
20:12 Castle Age
19:52 Scale Mail Armor
23:01 Bow Saw
26:53 Pikeman
27:48 Forging
29:24 Gambesons
34:38 Imperial Age
33:47 Chain Mail Armor
34:44 Elite Organ Gun
35:51 Stone Mining
37:57 Conscription
39:19 Halberdier
46:16 Plate Mail Armor
Peacemaker2000
0:48 Loom
12:04 Feudal Age
14:29 Horse Collar
20:48 Stone Mining
23:02 Castle Age
23:53 Squires
23:15 Pikeman
24:41 Husbandry
25:52 Stone Shaft Mining
26:38 Fishing Lines
27:51 Double-Bit Axe
28:47 Heavy Plow
29:37 Gillnets
30:41 Wheelbarrow
32:52 Town Watch
33:28 Hand Cart
33:37 Forging
34:38 Gold Mining
34:59 Thalassocracy
38:20 Scale Barding Armor
41:47 Imperial Age
45:49 Murder Holes
46:18 Ballistics
45:52 Fletching
Purle Paus
12:49 Feudal Age
11:05 Loom
13:01 Feudal Age
13:44 Double-Bit Axe
13:43 Horse Collar
18:42 Castle Age
17:03 Gold Mining
19:38 Heavy Plow
19:50 Bow Saw
24:06 Wheelbarrow
26:59 Hand Cart
32:47 Imperial Age
31:25 Ballistics
33:19 Caravan
33:47 Padded Archer Armor
33:54 Scale Barding Armor
33:41 Fletching
34:03 Forging
34:14 Elite Conquistador
36:01 Conscription
36:12 Chain Barding Armor
36:08 Leather Archer Armor
37:16 Chemistry
37:43 Two-Man Saw
37:25 Town Watch
38:29 Town Patrol
43:21 Bodkin Arrow
44:01 Plate Barding Armor
43:57 Ring Archer Armor
44:03 Light Cavalry
44:53 Bloodlines
44:44 Husbandry
Player
11:04 Feudal Age
10:07 Loom
12:37 Horse Collar
12:43 Double-Bit Axe
19:22 Castle Age
18:51 Loom
18:59 Stone Mining
19:01 Gold Mining
21:16 Stone Shaft Mining
22:57 Fletching
23:07 Padded Archer Armor
23:29 Bow Saw
29:24 Bodkin Arrow
29:44 Leather Archer Armor
30:40 Thumb Ring
34:47 Imperial Age
35:04 Wheelbarrow
35:09 Elite Plumed Archer
36:10 Conscription
36:36 Ballistics
35:59 Treadmill Crane
36:28 Heavy Plow
37:02 Eagle Warrior
37:48 Squires
37:33 Arson
39:25 Bracer
39:55 Ring Archer Armor
39:36 Forging
39:26 Scale Mail Armor
40:35 Chemistry
40:43 Crop Rotation
41:38 Hoardings
45:24 Chain Mail Armor
Connection lost

Rejoining the realm…

Still unreachable

The connection could not be restored.

Session expired

The server has moved on; the page needs a fresh start.